 Dungeon Crawl Stone Soup version 0.23.2-1-ga50397a (webtiles) character file.

Game seed: 9088701331447211672

154 Folque the Magician (level 5, 0/29 HPs)
             Began as a Deep Elf Wizard on June 1, 2019.
             Slain by a jackal (2 damage)
             ... on level 3 of the Dungeon.
             The game lasted 00:10:05 (2690 turns).

Folque the Magician (Deep Elf Wizard)               Turns: 2690, Time: 00:10:08

Health: 0/29       AC:  2    Str:  4    XL:     5   Next: 13%
Magic:  7/15       EV: 13    Int: 24    God:
Gold:   135        SH:  0    Dex: 13    Spells: 4/15 levels left

rFire    . . .     SeeInvis .   n - +1 dagger (speed)
rCold    . . .     Gourm    .   (no shield)
rNeg     . . .     Faith    .   a - +0 robe
rPois    .         Spirit   .   b - +0 hat
rElec    .         Reflect  .   (no cloak)
rCorr    .         Harm     .   (no gloves)
MR       .....                  (no boots)
Stlth    ++........             (no amulet)
HPRegen  0.09/turn              (no ring)
MPRegen  0.14/turn              (no ring)

@: no status effects
A: no striking features
a: no special abilities


You were on level 3 of the Dungeon.
You were not hungry.

You visited 1 branch of the dungeon, and saw 3 of its levels.

You collected 135 gold pieces.

Inventory:

Hand Weapons
 j - a +0 short sword
 n - a +1 dagger of speed (weapon)
 s - a +0 falchion
Armour
 a - a +0 robe (worn)
 b - a +0 hat (worn)
Jewellery
 t - an uncursed ring of protection from magic {unknown}
Scrolls
 f - 2 scrolls of fog {unknown}
 g - a scroll of remove curse {unknown}
 h - a scroll of enchant weapon {unknown}
 i - 2 scrolls of magic mapping {unknown}
 l - a scroll of immolation {unknown}
 m - 2 scrolls of blinking {unknown}
 q - 3 scrolls of identify {unknown}
 r - a scroll of random uselessness {unknown}
Potions
 e - a potion of might
 o - a potion of degeneration {unknown}
 p - a potion of brilliance {unknown}
 u - a potion of mutation {unknown}
 v - a potion of cancellation
Comestibles
 d - 3 rations
 k - 5 chunks of flesh


   Skills:
 - Level 1.0 Fighting
 * Level 2.7 Dodging
 + Level 3.8 Stealth
 + Level 5.6 Spellcasting
 * Level 2.7 Conjurations
 - Level 1.1 Summonings
 - Level 1.1 Translocations
 + Level 1.4 Poison Magic


You had 4 spell levels left.
You knew the following spells:

 Your Spells              Type           Power        Failure   Level  Hunger
a - Magic Dart            Conj           ###.         2%          1    None
b - Call Imp              Summ           ##......     8%          2    None
c - Blink                 Tloc           N/A          8%          2    None
d - Mephitic Cloud        Conj/Pois/Air  ##......     14%         3    #......
e - Conjure Flame         Conj/Fire      ##......     14%         3    #......

Your spell library contained the following spells:

 Spells                   Type           Power        Failure   Level  Hunger
 Slow                     Hex            #.......     12%         2    None


Dungeon Overview and Level Annotations

Branches:
Dungeon (2/15)

Altars:
Trog
Wu Jian
Zin

Annotations:
D:3 1 runed translucent door


Message History

The jackal bites your crimson imp but does no damage.
Your crimson imp misses the jackal.
It was a potion of flight.
You feel very buoyant.
You fly up into the air.
The jackal misses your crimson imp. The jackal bites you.
* * * LOW HITPOINT WARNING * * *
Your crimson imp completely misses the jackal.
The jackal closely misses your crimson imp. x2
The jackal bites you.
* * * LOW HITPOINT WARNING * * *
Your crimson imp blinks!
It was a potion of cancellation.
Your magical effects are unravelling.
You feel magically purged.
You float gracefully downwards.
You feel a little less mighty now.
The jackal bites your crimson imp but does no damage.
The jackal completely misses your crimson imp.
The jackal bites you.
You die...

#######.#.#.# #...# #.##)##.
#.....# #...# #....... ###.###
##...## ###...## #.#
#.....#####.###.# ### #.#
#.5........# ##. ..#######.#
#.....###..## #. ..........#
###.5.####..##.##.
#.##############.5h.............#
#.# #........@h####.##........
#5# #.#...#.#.h....... #..o.##
5.# #.>.....#.##.......#.#.###
### #.#...#.#.# .##.####.#..##
#.....<.#.. ...####.##.##
#.......### ##....>......
#.##.##.# ######)..## #.##.##.#
##.#.## #.##.##.# #......


You could see 3 jackals and 2 friendly crimson imps.

Vanquished Creatures
  Crazy Yiuf (D:2)
  5 adders
  2 oozes
  3 leopard geckos
  5 bats
  4 giant cockroaches (D:1)
  11 goblins
  5 hobgoblins
  A quokka (D:3)
  5 frilled lizards
  7 kobolds
  A quokka zombie (D:3)
  10 rats
60 creatures vanquished.

Vanquished Creatures (collateral kills)
  A worm (D:3)
  2 dart slugs (D:1)
  3 orcs (D:3)
  A bat (D:1)
  2 giant cockroaches
9 creatures vanquished.

Grand Total: 69 creatures vanquished

Notes
Turn   | Place    | Note
-------+----------+-------------------------------------------
     0 | D:1      | Folque the Deep Elf Wizard began the quest for the Orb.
     0 | D:1      | Reached XP level 1. HP: 10/10 MP: 7/7
    54 | D:1      | Reached XP level 2. HP: 16/16 MP: 0/9
    58 | D:1      | Learned a level 2 spell: Call Imp
    61 | D:1      | Learned a level 2 spell: Blink
   698 | D:1      | Reached skill level 5 in Spellcasting
   950 | D:1      | Reached skill level 1 in Fighting
   950 | D:1      | Reached XP level 3. HP: 20/20 MP: 11/11
   957 | D:1      | Learned a level 3 spell: Mephitic Cloud
   961 | D:1      | Learned a level 3 spell: Conjure Flame
  1827 | D:2      | Found a runed translucent door.
  1828 | D:2      | Noticed Crazy Yiuf
  1903 | D:2      | Killed Crazy Yiuf
  1903 | D:2      | Reached skill level 1 in Poison Magic
  1903 | D:2      | Reached XP level 4. HP: 25/25 MP: 1/13
  1964 | D:2      | Found a bloodstained altar of Trog.
  2020 | D:2      | You fall through a shaft!
  2118 | D:3      | Found a runed translucent door.
  2375 | D:3      | Found an ornate altar of the Wu Jian Council.
  2569 | D:3      | Reached XP level 5. HP: 23/29 MP: 6/15
  2579 | D:3      | Found a glowing silver altar of Zin.
  2690 | D:3      | Slain by a jackal

Skill      XL: |  1  2  3 |
---------------+----------+-----
Spellcasting   | 5 |  5.6
Fighting       | 1 |  1.0
Conjurations   | 2 |  2.7
Stealth        | 3 |  3.8
Poison Magic   | 1 |  1.4
Dodging        | |  2.7
Summonings     | |  1.1
Translocations | |  1.1

Action                   |  1- 3 |  4- 6 || total
-------------------------+-------+-------++-------
Melee: Unarmed           |    26 |       ||    26
       Short sword       |    14 |       ||    14
       Dagger            |    59 |    79 ||   138
 Cast: Magic Dart        |    53 |    29 ||    82
       Call Imp          |    10 |     7 ||    17
       Conjure Flame     |     1 |       ||     1
       Mephitic Cloud    |     1 |       ||     1
  Use: Potion            |       |     3 ||     3
 Stab: Sleeping          |     2 |     7 ||     9
  Eat: Chunk             |     3 |     3 ||     6
Armor: Robe              |    31 |    17 ||    48
Dodge: Dodged            |    80 |    49 ||   129
